AoeStats
← aradia.urania

Four Lakes

508559823Analyzed
1v1 RM · 10d ago on Sep 23, 2026· 56m 4s· 2 players
Game mode
Random Map
Map size
Tiny (2 player)
Population
200
Speed
Normal
Resources
Standard
Victory
Conquest
Starting age
Dark Age
Ending age
Imperial Age
RankedLock teamsTeams togetherTeam positionsShared explorationLock speedFull tech treeHidden civsTurbo modeCheats
Victory
Defeat
🇨🇱 Vikings · Chile
989
+17
🇧🇷 Lithuanians · Brazil
1012
-17
aradia.urania
9:08 Loom
12:31 Feudal Age
13:03 Double-Bit Axe
14:57 Horse Collar
19:47 Fletching
19:57 Padded Archer Armor
22:00 Castle Age
20:27 Gold Mining
22:20 Elite Skirmisher
22:57 Bodkin Arrow
23:17 Leather Archer Armor
22:28 Crossbowman
22:34 Crossbowman
24:24 Fishing Lines
25:19 Pikeman
26:42 Gillnets
28:57 Squires
29:59 Bow Saw
30:35 Scale Mail Armor
31:13 Forging
30:59 Stone Mining
31:48 Scale Barding Armor
32:33 Light Cavalry
38:49 Imperial Age
38:59 Gold Shaft Mining
38:59 Chain Mail Armor
38:59 Elite Varangian Guard
40:29 Iron Casting
39:58 Elite Varangian Guard
41:38 Conscription
43:32 Town Watch
48:08 Blast Furnace
47:39 Plate Mail Armor
49:01 Elite Berserk
53:36 Ballistics
53:46 Chieftains
53:47 Arson
Fat_Astronaut
7:09 Loom
9:16 Feudal Age
10:16 Double-Bit Axe
12:49 Horse Collar
20:37 Castle Age
19:32 Wheelbarrow
20:07 Fletching
23:07 Gold Mining
23:57 Bodkin Arrow
24:46 Bloodlines
24:51 Scale Barding Armor
27:05 Forging
30:08 Bow Saw
30:22 Heavy Plow
34:23 Iron Casting
36:31 Crossbowman
38:15 Chain Barding Armor
41:57 Imperial Age
45:22 Plate Barding Armor
48:27 Cavalier
50:22 Hand Cart
Connection lost

Rejoining the realm…

Still unreachable

The connection could not be restored.

Session expired

The server has moved on; the page needs a fresh start.